 Dungeon Crawl Stone Soup version 0.30.1-9-gdf580d7c3d (webtiles) character file.

Game seed: 13555683884345676540

140628 booth the Messiah (level 17, -1/160 HPs)
             Began as a Hill Orc Monk on Sept 25, 2023.
             Was the Champion of Beogh.
             Slain by an alligator (19 damage)
             ... called by a spriggan druid
             ... called by a spriggan druid
             ... on level 3 of the Swamp on Sept 26, 2023.
             The game lasted 03:58:57 (32469 turns).

booth the Messiah (Hill Orc Monk)                  Turns: 32469, Time: 03:58:58

Health: -1/160     AC: 21    Str: 20    XL:     17   Next: 1%
Magic:  31/31      EV: 15    Int: 10    God:    Beogh [******]
Gold:   2360       SH:  0    Dex: 15    Spells: 16/16 levels left

rFire   + . .        Q - +2 mace (heavy)
rCold   + . .        (no shield)
rNeg    . . .        O - +6 scale mail {rPois}
rPois   +            b - +2 helmet
rElec   .            (no cloak)
rCorr   .            m - +2 pair of gloves
SInv    .            S - +2 pair of boots
Will    +....        C - amulet of regeneration Stlth
                     w - ring of protection from fire
HPRegen 1.26/turn    V - ring of protection from cold
MPRegen 0.22/turn

%: no passive effects
@: mighty, hasted, very quick
A: walk on water
}: 1/15 runes: serpentine
a: Renounce Religion, Smiting, Recall Orcish Followers, Give Item to Named
Follower, Resurrection


You were on level 3 of the Swamp.
You worshipped Beogh.
Beogh was exalted by your worship.
You visited 5 branches of the dungeon, and saw 29 of its levels.

You collected 4453 gold pieces.
You spent 2093 gold pieces at shops.

Inventory:

Hand Weapons
 Q - a +2 heavy mace (weapon)
 X - a +2 war axe of electrocution
Missiles
 e - 11 javelins
 r - 21 boomerangs (quivered)
 t - 2 curare-tipped darts
 M - 55 poisoned darts
 P - 2 silver boomerangs
Armour
 b - a +2 helmet (worn)
 f - a +0 buckler
 m - a +2 pair of gloves (worn)
 u - a +1 scale mail of cold resistance
 O - a +6 scale mail of poison resistance (worn)
 S - a +2 pair of boots (worn)
Jewellery
 d - a ring of flight
 v - the ring "Negh" {rPois Stlth+}
   (You acquired it on level 2 of the Orcish Mines)

   [ring of poison resistance]

   rPois:     It protects you from poison.
   Stlth:     It makes you more stealthy.
 w - a ring of protection from fire (left hand)
 x - a +4 ring of slaying
 C - an amulet of regeneration (around neck)
 D - a ring of poison resistance
 V - a ring of protection from cold (right hand)
 W - an amulet of reflection
 Y - the ring of the Hare {EV+10}
   (You found it on level 2 of the Lair of Beasts)

   [ring of evasion]

   EV:        It affects your evasion (+10).
Wands
 a - a wand of mindburst (23)
 p - a wand of quicksilver (8)
 s - a wand of roots (14)
 y - a wand of flame (44)
 F - a wand of paralysis (46)
 J - a wand of digging (8)
Scrolls
 g - 5 scrolls of immolation
 h - 8 scrolls of magic mapping
 o - 9 scrolls of fog
 q - 4 scrolls of amnesia
 A - 3 scrolls of fear
 B - 5 scrolls of blinking
 E - 11 scrolls of teleportation
 K - 12 scrolls of identify
 T - 3 scrolls of torment
 U - a scroll of summoning
Potions
 c - a potion of ambrosia
 i - 8 potions of curing
 j - 4 potions of lignification
 k - 3 potions of haste
 l - 4 potions of berserk rage
 z - 2 potions of cancellation
 H - 7 potions of flight
 I - 2 potions of invisibility
 L - 4 potions of resistance
 R - 5 potions of attraction


   Skills:
 + Level 16.6 Fighting
 + Level 20.1 Axes
 + Level 1.4 Armour
 + Level 12.0 Dodging
 + Level 1.2 Stealth
 + Level 21.9 Invocations


You had 16 spell levels left.
You didn't know any spells.
Your spell library contained the following spells:

 Spells                   Type           Power      Damage    Failure   Level
 Beastly Appendage        Tmut           0%         N/A       73%         1
 Freeze                   Ice            0%         1d3       73%         1
 Magic Dart               Conj           0%         1d3       73%         1
 Shock                    Conj/Air       0%         1d3       73%         1
 Ensorcelled Hibernation  Hex/Ice        0%         N/A       86%         2
 Searing Ray              Conj           0%         2d4       86%         2
 Wereblood                Tmut           0%         N/A       86%         2
 Frozen Ramparts          Ice            0%         1d1       97%         3
 Gell's Gravitas          Tloc           0%         N/A       97%         3
 Hailstorm                Conj/Ice       0%         3d3       97%         3
 Ignite Poison            Fire/Tmut/Pois 0%         N/A       97%         3
 Inner Flame              Hex/Fire       0%         N/A       97%         3
 Ozocubu's Armour         Ice            0%         N/A       97%         3
 Spider Form              Tmut/Pois      0%         N/A       97%         3
 Swiftness                Air            0%         N/A       97%         3
 Teleport Other           Tloc           0%         N/A       97%         3
 Volatile Blastmotes      Fire/Tloc      0%         2d10      97%         3
 Airstrike                Air            0%         2d(0-16)  100%        4
 Anguish                  Hex/Necr       0%         N/A       100%        4
 Fulminant Prism          Conj/Hex       0%         3d5       100%        4
 Ice Form                 Ice/Tmut       0%         N/A       100%        4
 Iskenderun's Mystic Bla  Conj/Tloc      0%         2d3       100%        4
 Leda's Liquefaction      Hex/Erth       0%         N/A       100%        4
 Sticky Flame             Conj/Fire      0%         2d3       100%        4
 Summon Ice Beast         Ice/Summ       0%         N/A       100%        4
 Lee's Rapid Deconstruct  Erth           0%         3d4*      100%        5
 Metabolic Englaciation   Hex/Ice        0%         N/A       100%        5
 Yara's Violent Unravell  Hex/Tmut       0%         3d3       100%        5
 Dispersal                Tloc           0%         N/A       100%        6
 Simulacrum               Ice/Necr       0%         N/A       100%        6
 Statue Form              Tmut/Erth      0%         N/A       100%        6
 Enfeeble                 Hex            0%         N/A       100%        7
 Ignition                 Fire           0%         3d3       100%        8


Dungeon Overview and Level Annotations

Branches:
Dungeon (15/15)            Temple (0/1) D:7            Lair (5/5) D:11
  Swamp (3/4) Lair:3        Snake (4/4) Lair:2        Slime (0/5) Lair:4
    Orc (2/2) D:12            Elf (0/3) Orc:2        Vaults (0/5) D:14
 Depths (0/4) D:15

Altars:
Cheibriados
Fedhas
Gozag
Kikubaaqudgha
Makhleb
Uskayaw
Vehumet
Wu Jian
Xom
Zin
The Shining One
Beogh
Jiyva

Shops:
D:2 (   D:6 ?   D:9 (   D:10 [   Orc:1 [*[[[   Orc:2 =?(:*

Annotations:
D:8 3 runed translucent doors, radiomath's ghost, novice MiBe
D:15 1 runed translucent door, Bananafolds's ghost, adept NaVM
Lair:4 1 runed translucent door, Odimp's ghost, journeyman KoWn
Lair:5 exclusion: oklob plant


Message History

The seven-headed hydra bites you but does no damage.
You barely miss the seven-headed hydra.
The seven-headed hydra is almost dead.
The seven-headed hydra closely misses you.
The seven-headed hydra bites you but does no damage.
The seven-headed hydra closely misses you.
The seven-headed hydra bites you but does no damage.
The seven-headed hydra bites you.
* * * LOW HITPOINT WARNING * * *
The seven-headed hydra bites you!
* * * LOW HITPOINT WARNING * * *
The seven-headed hydra misses you.
You bludgeon the seven-headed hydra!!
You kill the seven-headed hydra!
Beogh accepts your kill.
Throw: 21 boomerangs
Press: ? - help, Q - select action, (/) - cycle Shift-Dir - straight line, f - alligator
Aim: an alligator (70% to hit)
You throw a boomerang. The boomerang hits the alligator.
The alligator is lightly wounded.
The alligator puts on a burst of speed!
Throw: 21 boomerangs
Press: ? - help, Q - select action, (/) - cycle Shift-Dir - straight line, f/p - alligator
Aim: an alligator (lightly wounded, covering ground quickly, 70% to hit)
You throw a boomerang.
The boomerang hits the alligator but does no damage.
The alligator is lightly wounded.
Throw: 21 boomerangs
Press: ? - help, Q - select action, (/) - cycle Shift-Dir - straight line, f/p - alligator
Aim: an alligator (lightly wounded, covering ground quickly, 70% to hit)
You throw a boomerang. The boomerang hits the alligator!
The alligator is lightly wounded.
The alligator misses you.
The alligator tail-slaps you but does no damage.
The alligator bites you but does no damage.
The alligator tail-slaps you but does no damage.
You bludgeon the alligator!!
The alligator is heavily wounded.
The alligator bites you!!
You die...

♣♣♣≈≈~~~~≈♣♣♣
♣♣♣≈≈~§~...~~~♣♣
♣♣♣≈~~)..........♣
♣♣♣♣♣≈≈~~.♣♣..)...#+#
§≈≈≈≈~~.♣♣♣♣♣..)..#
≈~~†~~♣♣♣ ####.?#
.♣♣♣♣♣♣ +.## ♣♣ #t#
#@+ ♣♣#


You could see an alligator (swift).

Vanquished Creatures
  Kirke (D:14)
  A nagaraja (Snake:4)
  2 bunyips (Swamp:2)
  A ghost crab (Swamp:1)
  An ogre mage (Orc:2)
  A hydra (Swamp:3)
  Erica (D:9)
  2 centaur warriors (D:14)
  A merfolk avatar (Swamp:2)
  5 anacondas
  A dancing weapon (D:14)
  2 death yaks (Lair:3)
  2 naga warriors
  3 two-headed ogres
  4 alligators
  A boulder beetle (D:14)
  2 naga sharpshooters
  A skeletal warrior (D:15)
  A spark wasp zombie (D:15)
  A goliath frog (Swamp:2)
  A sea snake (Snake:4)
  2 spriggan druids (Swamp:3)
  A swamp dragon (Swamp:2)
  A naga ritualist (Snake:3)
  Pikel (D:6)
  2 bog bodies
  A necromancer (D:15)
  3 mana vipers (Snake:3)
  An orc sorcerer (Orc:2)
  A deep elf pyromancer (D:14)
  8 ugly things (D:14)
  A will-o-the-wisp (Swamp:2)
  2 cyclopes
  3 manticores
  2 salamanders
  3 elephants
  10 black mambas
  2 naga magi
  A guardian serpent (Snake:3)
  3 cane toads
  A gargoyle (D:12)
  A kobold demonologist (D:10)
  A rime drake (Lair:3)
  A komodo dragon (Lair:1)
  2 meliai (D:15)
  2 hornets
  2 tyrant leeches
  A hornet (shapeshifter) (D:14)
  Grinder (D:3)
  A spriggan (Swamp:3)
  15 yaks
  2 basilisks
  A wyvern (D:9)
  3 wraiths
  6 vampire mosquitoes
  A warg (Orc:1)
  2 steam dragons (D:6)
  5 swamp worms
  12 nagas
  4 water moccasins
  3 ice beasts
  A swamp drake (Swamp:1)
  2 black bears
  2 orc warriors
  An ogre (Orc:2)
  5 wolves
  3 centaurs (D:14)
  3 kobold brigands (D:9)
  5 bullfrogs
  A gnoll sergeant (D:10)
  A scorpion (D:5)
  8 wights
  5 killer bees (D:9)
  3 howler monkeys
  2 hounds (D:5)
  3 jellies
  An orc priest (D:8)
  2 gnoll boudas
  4 sleepcaps
  4 iguanas
  7 orc wizards
  2 hell rats (Lair:1)
  A hound skeleton (D:3)
  An adder (D:5)
  16 gnolls
  A shadow imp (D:5)
  4 white imps
  An ufetubus (D:6)
  An adder zombie (D:3)
  2 worms
  A dart slug (D:1)
  10 orcs
  5 endoplasms
  2 giant cockroaches
  4 goblins
  3 hobgoblins
  5 jackals
  2 quokkas
  9 ball pythons
  A ball python zombie (D:3)
  8 bats
  4 frilled lizards
  16 kobolds
  6 rats
318 creatures vanquished.

Vanquished Creatures (collateral kills)
  Vashnia (Snake:2)
  A tentacled monstrosity (Snake:3)
  Rupert (D:12)
  Asterion (Snake:3)
  3 thorn hunters
  5 nagarajas (Snake:4)
  Nessos (Lair:5)
  A dire elephant (Lair:5)
  3 eleionomae
  Josephine (D:14)
  Harold (Orc:1)
  10 hydras
  Fannar (D:10)
  A salamander tyrant (Snake:4)
  2 catoblepae (Lair:5)
  A centaur warrior (D:14)
  5 anacondas
  An ogre mage (Orc:2)
  7 death yaks
  A dancing weapon (D:14)
  4 two-headed ogres
  5 alligators
  6 naga warriors
  2 boulder beetles (Lair:5)
  A death knight (D:14)
  A deep troll shaman (Lair:5)
  25 naga sharpshooters
  2 tengu warriors (D:14)
  6 shock serpents
  Nergalle (Orc:2)
  A titan zombie (D:15)
  5 salamander mystics
  A spriggan (Swamp:3)
  A skyshark (Lair:3)
  Amaemon (Lair:2)
  5 skeletal warriors
  3 sea snakes (Snake:4)
  9 naga ritualists
  2 slime creatures
  4 goliath frogs
  A flayed ghost (D:15)
  A lindwurm (shapeshifter) (D:13)
  4 bog bodies
  3 lindwurms
  5 swamp dragons
  7 orc sorcerers
  A deep elf pyromancer (D:13)
  4 cyclopes
  An iron dragon zombie (D:15)
  4 ugly things (D:14)
  3 will-o-the-wisps
  An oklob plant (Lair:5)
  7 mana vipers
  7 manticores
  17 salamanders
  25 black mambas
  5 elephants
  A stone giant skeleton (D:15)
  Maurice (D:13)
  An orange demon (Lair:2)
  15 naga magi
  A gargoyle (D:14)
  7 cane toads
  2 rime drakes (Lair:5)
  An efreet (D:14)
  7 komodo dragons
  A guardian mummy (D:15)
  A tyrant leech (Swamp:1)
  A queen bee (shapeshifter) (D:14)
  A meliai (D:15)
  2 hornets
  A wind drake (shapeshifter) (D:11)
  4 trolls
  4 blink frogs (Lair:5)
  6 dream sheep (Lair:5)
  A vampire (D:10)
  5 wraiths
  13 yaks
  7 wyverns
  4 basilisks
  7 vampire mosquitoes
  2 steam dragons
  6 swamp worms
  51 nagas
  10 water moccasins
  3 swamp drakes
  3 black bears
  8 orc warriors
  A sky beast (shapeshifter) (D:13)
  A sky beast (D:7)
  2 centaurs
  3 ogres (Orc:2)
  5 wolves
  7 bullfrogs
  3 wights (D:8)
  A howler monkey (D:8)
  2 electric eels
  An iron imp (D:8)
  7 orc priests
  A gnoll bouda (Orc:1)
  An iguana (D:6)
  12 orc wizards
  10 hell rats
  2 gnolls (Orc:1)
  A shadow imp (D:7)
  9 white imps (Lair:1)
  16 orcs
  2 kobolds (D:9)
  A butterfly (Lair:5)
  A spectral weapon (Snake:3)
495 creatures vanquished.

Vanquished Creatures (others)
  3 orc warlords
  5 orc knights
  2 orc sorcerers (Snake:1)
  7 orc warriors
  A bloated husk (Swamp:1)
  A tyrant leech (Swamp:1)
  2 humans (D:14)
  2 swamp worms
  9 orc priests
  19 orc wizards
  A gnoll (D:10)
  54 orcs
  10 foxfires
116 creatures vanquished.

Grand Total: 929 creatures vanquished

Notes
Turn   | Place    | Note
-------+----------+-------------------------------------------
     0 | D:1      | booth the Hill Orc Monk began the quest for the Orb.
     0 | D:1      | Reached XP level 1. HP: 19/19 MP: 1/1
   200 | D:1      | Reached XP level 2. HP: 27/27 MP: 2/2
   435 | D:1      | Reached XP level 3. HP: 30/33 MP: 3/3
   917 | D:2      | Found Umeer's Antique Weapon Boutique.
  1671 | D:3      | Reached XP level 4. HP: 17/41 MP: 4/4
  1834 | D:3      | Reached skill level 5 in Axes
  1897 | D:3      | Became a worshipper of Beogh the Brigand
  1897 | D:3      | Reached * piety under Beogh
  1897 | D:3      | Reached ** piety under Beogh
  2013 | D:3      | Noticed Grinder
  2014 | D:3      | Paralysed by Grinder for 4 turns
  2026 | D:3      | Paralysed by Grinder for 5 turns
  2047 | D:3      | HP: 1/41 [Grinder/nerve-wracking pain (12)]
  2049 | D:3      | Killed Grinder
  2050 | D:3      | Reached skill level 5 in Fighting
  2050 | D:3      | Reached XP level 5. HP: 7/48 MP: 1/5
  2050 | D:3      | Reached XP level 6. HP: 9/56 MP: 1/6
  3069 | D:5      | Entered Level 5 of the Dungeon
  3084 | D:5      | Reached skill level 1 in Invocations
  3239 | D:5      | Found an ornate altar of the Wu Jian Council.
  3256 | D:5      | Noticed an ice beast
  3270 | D:5      | Killed an ice beast
  3271 | D:5      | Reached skill level 2 in Invocations
  3271 | D:5      | Reached XP level 7. HP: 62/62 MP: 8/8
  3834 | D:5      | Reached skill level 3 in Invocations
  3999 | D:5      | Reached XP level 8. HP: 67/70 MP: 10/10
  4687 | D:6      | Noticed Pikel
  4704 | D:6      | Killed Pikel
  4705 | D:6      | Reached skill level 4 in Invocations
  4937 | D:6      | Reached skill level 5 in Invocations
  5004 | D:6      | Reached skill level 10 in Axes
  5004 | D:6      | Reached skill level 5 in Dodging
  5008 | D:6      | Reached *** piety under Beogh
  5083 | D:6      | Reached XP level 9. HP: 77/79 MP: 12/12
  5439 | D:6      | Found Syanin's Magic Scroll Shop.
  5442 | D:6      | Bought a scroll of blinking for 105 gold pieces
  5442 | D:6      | Bought a scroll of teleportation for 42 gold pieces
  5442 | D:6      | Bought a scroll of identify for 28 gold pieces
  6235 | D:7      | Reached skill level 6 in Invocations
  6354 | D:7      | Found a roughly hewn altar of Beogh.
  6696 | D:7      | Found a staircase to the Ecumenical Temple.
  7030 | D:7      | Found a shimmering altar of Xom.
  7251 | D:8      | Found a blossoming altar of Fedhas.
  7319 | D:8      | Reached **** piety under Beogh
  7322 | D:8      | Reached skill level 7 in Invocations
  7326 | D:8      | Reached XP level 10. HP: 82/90 MP: 15/15
  7561 | D:8      | Found a runed translucent gate.
  7562 | D:8      | Found a runed translucent gate.
  7562 | D:8      | Found an opulent altar of Gozag.
  7563 | D:8      | Found a runed translucent gate.
  7565 | D:8      | Noticed a boulder beetle
  7565 | D:8      | Noticed radiomath's ghost (novice MiBe)
  7590 | D:8      | Found a snail-covered altar of Cheibriados.
  8046 | D:9      | Noticed Erica
  8053 | D:9      | Killed Erica
  8080 | D:9      | Gained Warbeogh as an ally
  8090 | D:9      | Reached skill level 8 in Invocations
  8111 | D:9      | Noticed a two-headed ogre
  8119 | D:9      | Killed a two-headed ogre
  8440 | D:9      | Found Poerioshro's Weapon Emporium.
  8552 | D:9      | Found the +5 Force Lance {heavy, knockback}
  8558 | D:9      | Reached ***** piety under Beogh
  8636 | D:10     | Entered Level 10 of the Dungeon
  8636 | D:10     | Noticed Fannar
  8636 | D:10     | You fall into a shaft and drop 2 floors!
  8663 | D:12     | Noticed a five-headed hydra
  8671 | D:12     | Killed a five-headed hydra
  8672 | D:12     | Reached XP level 11. HP: 61/99 MP: 17/17
  8918 | D:12     | Noticed Rupert
  8930 | D:12     | HP: 2/99 [Rupert/+0 heavy great sword (59)]
  8934 | D:12     | Killed Rupert
  8935 | D:12     | Reached skill level 10 in Fighting
  8935 | D:12     | Reached skill level 9 in Invocations
  9087 | D:12     | Noticed a two-headed ogre
  9098 | D:12     | Killed a two-headed ogre
  9150 | D:12     | Noticed a manticore
  9158 | D:12     | Killed a manticore
  9222 | D:12     | Found a staircase to the Orcish Mines.
  9624 | D:11     | Noticed a two-headed ogre
  9625 | D:11     | Noticed a two-headed ogre
  9634 | D:11     | Killed a two-headed ogre
  9639 | D:11     | Killed a two-headed ogre
  9752 | D:11     | Found a staircase to the Lair.
  9757 | D:11     | Reached skill level 10 in Invocations
  9758 | D:11     | Gained Arkwar as an ally
 10221 | D:10     | Killed Fannar
 10521 | D:10     | Found Qiblamoa's Armour Emporium.
 10588 | D:10     | Gained Bogwald as an ally
 10596 | D:10     | Reached skill level 15 in Axes
 10665 | D:10     | Reached skill level 11 in Invocations
 11031 | D:11     | Noticed a two-headed ogre
 11038 | D:11     | Killed a two-headed ogre
 11436 | D:11     | Noticed a manticore
 11442 | D:11     | Killed a manticore
 12031 | D:12     | Reached XP level 12. HP: 110/110 MP: 20/20
 12082 | D:12     | Found a hide-covered altar of Uskayaw.
 12222 | D:12     | Noticed a two-headed ogre
 12225 | D:12     | Killed a two-headed ogre
 12673 | D:13     | Identified the +7 great sword "Effeulal" {freeze, rElec
                  | Dex+2}
 12845 | D:13     | Reached skill level 12 in Invocations
 13200 | D:13     | Noticed Maurice
 13211 | D:13     | Killed Maurice
 13587 | D:14     | Found a gate to the Vaults.
 13596 | D:14     | Reached skill level 13 in Invocations
 13643 | D:14     | Noticed a death knight
 13651 | D:14     | Killed a death knight
 13808 | D:14     | Noticed Josephine
 13819 | D:14     | Killed Josephine
 14138 | D:14     | Found an opulent altar of Gozag.
 14201 | D:14     | Gained Zorug as an ally
 14432 | D:14     | Reached skill level 14 in Invocations
 14477 | D:14     | Noticed Kirke
 14491 | D:14     | Killed Kirke
 14492 | D:14     | Reached XP level 13. HP: 118/118 MP: 23/23
 14627 | D:14     | Gained Ortolf as an ally
 14724 | D:14     | Reached ****** piety under Beogh
 14797 | D:14     | Your ally Arkwar died
 14915 | D:14     | a tarantella changed into an entropy weaver
 14915 | D:14     | Noticed an entropy weaver (shapeshifter)
 14917 | D:14     | an entropy weaver changed into a hornet
 14919 | D:14     | Paralysed by a hornet for 2 turns
 14983 | D:14     | Reached skill level 15 in Invocations
 14983 | D:14     | Your ally Ortolf died
 14986 | D:14     | Your ally Zorug died
 15186 | D:15     | Entered Level 15 of the Dungeon
 15248 | D:15     | Found a glowing silver altar of Zin.
 15522 | D:15     | Found a runed translucent door.
 15527 | D:15     | Noticed Bananafolds's ghost (adept NaVM)
 15748 | D:15     | Your ally Bogwald died
 15814 | D:15     | Found a staircase to the Depths.
 16086 | Lair:1   | Entered Level 1 of the Lair of Beasts
 16330 | Lair:1   | Reached skill level 16 in Invocations
 16349 | Lair:1   | Gained Agrik as an ally
 16447 | Lair:1   | Identified the +1 robe of Sasetyje {Str+3 Slay+3}
 16483 | Lair:1   | Found a shimmering altar of Xom.
 16501 | Lair:1   | Found a frozen archway.
 16921 | Lair:2   | Found the ring of the Hare {EV+10}
 17075 | D:10     | Bought a +1 scale mail of cold resistance for 208 gold
                  | pieces
 17260 | Lair:2   | Found a staircase to the Snake Pit.
 17518 | Lair:2   | Noticed Amaemon
 17523 | Lair:2   | Reached XP level 14. HP: 129/129 MP: 26/26
 17531 | Lair:2   | Killed Amaemon
 18502 | Lair:3   | Found a staircase to the Swamp.
 18538 | Lair:3   | Reached skill level 17 in Invocations
 19193 | Lair:4   | Found a glowing golden altar of the Shining One.
 19481 | Lair:4   | Found a runed translucent door.
 19484 | Lair:4   | Noticed Odimp's ghost (journeyman KoWn)
 19484 | Lair:4   | Identified the +8 spear of Xom's Fury {venom, Fragile
                  | Will++ Dex+6}
 19734 | Lair:4   | Found a viscous altar of Jiyva.
 19734 | Lair:4   | Found a staircase to the Slime Pits.
 19947 | Lair:5   | Entered Level 5 of the Lair of Beasts
 19956 | Lair:5   | Reached skill level 10 in Dodging
 20060 | Lair:5   | Identified the +12 rapier "Hill Orc's Doom" {venom, rF+
                  | rN+++ Will+ Str-3}
 20190 | Lair:5   | Noticed a dire elephant
 20194 | Lair:5   | Killed a dire elephant
 20195 | Lair:5   | Noticed Nessos
 20208 | Lair:5   | Killed Nessos
 21044 | Orc:1    | Entered Level 1 of the Orcish Mines
 21044 | Orc:1    | Found Mioro's Antique Armour Shop.
 21069 | Orc:1    | Bought a runed chain mail for 195 gold pieces
 21104 | Orc:1    | Found Ekaomint's Assorted Antiques.
 21191 | Orc:1    | Found a transporter.
 21191 | Orc:1    | Found Teifag's Armour Shoppe.
 21218 | Orc:1    | Found a transporter.
 21279 | Orc:1    | Found Dekamp's Armour Boutique.
 21292 | Orc:1    | Bought a +3 scale mail of poison resistance for 299 gold
                  | pieces
 21357 | Orc:1    | Noticed Harold
 21367 | Orc:1    | Killed Harold
 21382 | Orc:1    | Reached skill level 18 in Invocations
 21405 | Orc:1    | Found Feces's Antique Armour Shop.
 21707 | Orc:2    | Entered Level 2 of the Orcish Mines
 21707 | Orc:2    | Found a burning altar of Makhleb.
 21710 | Orc:2    | Paralysed by an orc sorcerer for 5 turns
 21796 | Orc:2    | Found a staircase to the Elven Halls.
 21853 | Orc:2    | Found Zeigoveg's General Store.
 21865 | Orc:2    | Bought a scroll of enchant armour for 97 gold pieces
 21884 | Orc:2    | Gained Thorok as an ally
 21892 | Orc:2    | Noticed Nergalle
 21898 | Orc:2    | Killed Nergalle
 21937 | Orc:2    | Found Vocw's Book Boutique.
 21959 | Orc:2    | Found Seam's Antique Weapon Shop.
 22073 | Orc:2    | Found a radiant altar of Vehumet.
 22073 | Orc:2    | Paralysed by an ogre mage for 3 turns
 22100 | Orc:2    | Found an ancient bone altar of Kikubaaqudgha.
 22135 | Orc:2    | Found a roughly hewn altar of Beogh.
 22135 | Orc:2    | Found Viphits's Jewellery Boutique.
 22156 | Orc:2    | Found Idabb's Magic Scroll Shop.
 22165 | Orc:2    | Bought a scroll of acquirement for 624 gold pieces
 22167 | Orc:2    | Acquired the ring "Negh" {rPois Stlth+}
 22171 | Orc:2    | Acquired 1067 gold pieces
 22195 | Orc:2    | Bought a ring of protection from fire for 275 gold pieces
 22195 | Orc:2    | Bought a ring of poison resistance for 220 gold pieces
 22808 | Snake:1  | Entered Level 1 of the Snake Pit
 22855 | Snake:1  | Your ally Thorok died
 22872 | Snake:1  | Reached XP level 15. HP: 117/139 MP: 28/28
 23870 | Snake:2  | Reached skill level 19 in Invocations
 23873 | Snake:2  | Noticed Vashnia
 23888 | Snake:2  | Killed Vashnia
 24201 | Snake:2  | Reached skill level 15 in Fighting
 25147 | Snake:3  | Noticed a thorn hunter
 25153 | Snake:3  | Killed a thorn hunter
 25778 | Snake:3  | Noticed a thorn hunter
 25790 | Snake:3  | Gained Beowulf as an ally
 25800 | Snake:3  | Killed a thorn hunter
 25824 | Snake:3  | Noticed a tentacled monstrosity
 25831 | Snake:3  | Killed a tentacled monstrosity
 26065 | Snake:3  | Noticed Asterion
 26069 | Snake:3  | Noticed an Executioner
 26076 | Snake:3  | Your ally Beowulf died
 26079 | Snake:3  | Killed Asterion
 26080 | Snake:3  | Reached skill level 20 in Invocations
 27309 | Snake:4  | Entered Level 4 of the Snake Pit
 27379 | Snake:4  | Found an opulent altar of Gozag.
 27383 | Snake:4  | Reached XP level 16. HP: 149/149 MP: 30/30
 27751 | Snake:4  | Your ally Warbeogh died
 27846 | Snake:4  | Killed a nagaraja
 27927 | Snake:4  | Noticed a nagaraja
 27930 | Snake:4  | Killed a nagaraja
 28464 | Snake:4  | Reached skill level 21 in Invocations
 28603 | Snake:4  | Noticed a nagaraja
 28607 | Snake:4  | Killed a nagaraja
 28614 | Snake:4  | Noticed a nagaraja
 28625 | Snake:4  | Killed a nagaraja
 28965 | Snake:4  | Noticed a nagaraja
 28972 | Snake:4  | Killed a nagaraja
 29279 | Snake:4  | Noticed a nagaraja
 29284 | Snake:4  | Killed a nagaraja
 29293 | Snake:4  | Got a serpentine rune of Zot
 30076 | Swamp:1  | Entered Level 1 of the Swamp
 31583 | Swamp:2  | Noticed a thorn hunter
 31595 | Swamp:2  | Killed a thorn hunter
 31691 | Swamp:2  | Identified the +7 double sword "Ox" {speed, rN+}
 32369 | Swamp:3  | Reached skill level 1 in Armour
 32418 | Swamp:3  | Your ally Agrik died
 32423 | Swamp:3  | Reached skill level 1 in Stealth
 32426 | Swamp:3  | Your ally Warbeogh died
 32441 | Swamp:3  | Reached XP level 17. HP: 26/159 MP: 31/31
 32469 | Swamp:3  | Slain by an alligator

Illustrated notes

Levels and vault maps discovered:
D:1:      eino_arrival_cavern_d, layout_rooms, minivault_26, minmay_tromino_v4_c
D:2:      layout_loops_cross, serial_shops, shop, minmay_misc_feat_square
D:3:      layout_rooms, serial_undead, serial_undead_b, serial_undead_d,
          serial_undead_e, serial_undead_f, uniq_grinder
D:4:      layout_rooms
D:5:      layout_basic, mainiacjoe_overflow_small_starburst, minmay_small_thing
D:6:      layout_loops_ring, serial_shops, kennysheep_mini_moat,
          serial_aquarium, aquarium_bridge_straight [aquarium_subvault_bridge,
          aquarium_subvault_window, aquarium_subvault_bridge,
          aquarium_subvault_wall], aquarium_window_fake,
          aquarium_window_corridor_3, aquarium_window_corner,
          aquarium_window_corner, aquarium_view_2b, minmay_tree_intersection,
          chequers_hall_statues_wall_a, uniq_pikel
D:7:      layout_loops_ring, kennysheep_mini, minmay_temple_entry_glass,
          serial_bayou_pond_b, david_defended_altar_orc
D:8:      layout_basic, slow_altar_2, mainiacjoe_overflow_six_doors_small,
          ebering_ghost_gozag, kennysheep_generic_room_7
D:9:      layout_rooms, serial_corexii_hall, corexii_hall_statues_s,
          corexii_hall_statues_x, serial_shops,
          nicolae_shop_bloodbath_and_beyond, kennysheep_generic_room_16,
          uniq_erica
D:10:     layout_rooms, serial_shops, shop, uniq_fannar
D:11:     layout_grid_maze, minmay_lair_entry_grove, serial_bayou_pond_d
D:12:     layout_gridville, hiddenorc2_lemuel,
          nicolae_uskayaw_murder_on_the_dancefloor, uniq_rupert
D:13:     layout_small_grid, uniq_maurice
D:14:     minmay_box_of_statues, layout_basic, erik_vaults_1,
          grunt_gozag_breadcrumbs, uniq_kirke, uniq_josephine
D:15:     gammafunk_depths_entry_grave, layout_rooms,
          ebering_ghost_reflecting_pool, zin_scriptorium
Lair:1:   layout_regular_city, serial_forest, infiniplex_forest_lined_ring,
          infiniplex_forest_clump_C, infiniplex_forest_clump_double,
          infiniplex_forest_clump_long, infiniplex_forest_side_room,
          basic_altar, portal_ice_cave_entry_imps
Lair:2:   layout_cave_pods, guppyfry_snake_entry_island, grunt_megastairs_2,
          uniq_amaemon
Lair:3:   layout_chaotic_city, skrybe_swamp_entry_bodies, nicolae_lair_lindhole
Lair:4:   layout_loops_ring, dpeg_slime_entry_enclosed, basic_altar,
          ebering_ghost_funeral_grove
Lair:5:   grunt_lair_end_beastmaster, layout_cave_shapes,
          lightli_volcano_entry_magma_tube, minmay_lair_oklob_bushes,
          lemuel_centaur_altar, lemuel_fruit_fields, infiniplex_staircase_pool,
          uniq_nessos
Swamp:1:  layout_falls_marsh, evilmike_swamp_ruin_rubble_1
Swamp:2:  layout_basic_swamp, evilmike_swamp_ruin_house_4, swamp_pool1,
          hangedman_swamp_cone, grunt_lady_of_the_lake
Swamp:3:  cheibrodos_swamp_heart_of_darkness, layout_basic_swamp,
          nicolae_swamp_stair_fork
Snake:1:  layout_cave_pods, nicolae_snake_guarding_the_ruins, lemuel_fruit_tree,
          serial_bayou_shore_b, grunt_megastairs_4
Snake:2:  layout_onion_interference, nicolae_integral_box, uniq_vashnia
Snake:3:  onia_ninara_swampy_vault, layout_layer_cave,
          nicolae_coiled_stairwell_down, serial_bayou_shore_b, uniq_asterion
Snake:4:  minmay_snake_end_coiled, layout_cave_town, basic_altar,
          nicolae_snake_snake_lake, grunt_ministairs_2
Orc:1:    layout_caves, serial_shops, nicolae_shop_crystal,
          nicolae_shop_advertising_works [nicolae_subvault_shop_adworks],
          nicolae_shop_dealshenge, nicolae_shop_just_a_little_nook,
          nicolae_shop_drivethru, uniq_harold
Orc:2:    kennysheep_orc_mage_school, layout_diamond_mine, serial_shops, shop,
          bloody_makhleb

Skill      XL: |  1  2  3  4  5  6  7  8  9 10 11 12 13 14 15 16 |
---------------+-------------------------------------------------+-----
Fighting       | 4 5 6 7 8 9 11 12 13 14 15 16 | 16.6
Dodging        | 3 4 5 6 7 8 9 10 11 12 | 12.0
Axes           | 6 7 8 10 12 13 15 16 17 18 19 20 | 20.1
Invocations    | 2 3 5 7 8 11 14 16 18 20 21 | 21.9
Armour         | 1 |  1.4
Stealth        | 1 |  1.2

Action                     |  1- 3 |  4- 6 |  7- 9 | 10-12 | 13-15 | 16-18 || total
---------------------------+-------+-------+-------+-------+-------+-------++-------
  Melee: Hand axe          |   115 |    99 |   189 |    68 |       |       ||   471
         Mace              |       |       |       |     2 |   244 |    10 ||   256
         War axe           |       |       |       |   232 |   278 |   204 ||   714
         Punch             |       |       |       |     2 |     4 |     6 ||    12
  Throw: Boomerang         |       |     4 |     1 |     8 |    11 |    70 ||    94
         Dart              |       |     2 |       |       |       |     1 ||     3
         Javelin           |       |     4 |     3 |     6 |     3 |     5 ||    21
 Invoke: Smiting           |       |     2 |       |       |       |     2 ||     4
         Convert to Beogh  |       |     1 |       |       |       |       ||     1
         Recall Orcish Fol |       |       |       |     5 |    12 |     2 ||    19
         Give Item to Name |       |       |       |     1 |       |       ||     1
         Resurrection      |       |       |       |       |       |     1 ||     1
  Evoke: Wand              |       |       |       |       |     3 |       ||     3
    Use: Scroll            |     6 |     4 |    10 |     8 |    11 |     2 ||    41
         Potion            |     1 |     3 |     2 |       |     8 |     6 ||    20
   Stab: Distracted        |       |       |     1 |     3 |     3 |       ||     7
         Sleeping          |       |       |       |     2 |       |       ||     2
         Paralysed         |       |       |       |       |     2 |       ||     2
         Petrifying        |       |       |       |       |     1 |       ||     1
         Petrified         |       |       |       |       |     1 |       ||     1
 Armour: Leather armour    |    34 |    18 |    18 |       |       |       ||    70
         Steam dragon scal |       |       |    17 |    55 |    88 |       ||   160
         Scale mail        |       |       |       |       |   199 |   125 ||   324
  Dodge: Dodged            |    66 |    48 |   162 |   234 |   691 |   174 ||  1375
